 Dungeon Crawl Stone Soup version 0.28.0-62-gf88900778d (webtiles) character file.

Game seed: 13799329526751349645

1690 Baz the Skirmisher (level 9, -3/68 HPs)
             Began as a Djinni Fire Elementalist on Mar 6, 2023.
             Was a Follower of Makhleb.
             Slain by a deep troll (12 damage)
             ... on level 8 of the Dungeon.
             The game lasted 00:18:06 (9869 turns).

Baz the Skirmisher (Djinni Fire Elementalist)       Turns: 9869, Time: 00:18:07

Health: -3/68      AC:  6    Str:  7    XL:     9   Next: 22%
Gold:   98         EV: 14    Int: 20    God:    Makhleb [*.....] SH:  0 Dex: 15

rFire   + + .      SeeInvis .   k - +0 dagger (protect)
rCold   x . .      Faith    .   (no shield)
rNeg    . . .      Spirit   .   z - +0 steam dragon scales
rPois   ∞          Reflect  .   (no helmet)
rElec   .          Harm     .   (no cloak)
rCorr   .          Rampage  .   s - +0 pair of gloves
Will    .....                   (boots unavailable)
Stlth   ++........              (no amulet)
HPRegen 0.21/turn               (no ring)
MPRegen 0.00/turn               (no ring)

@: flying
A: sickness immunity, fire resistance 2, cold vulnerability 1, float, innate
caster, HP casting, extra vitality 1
a: Renounce Religion


You were on level 8 of the Dungeon.
You worshipped Makhleb.
Makhleb was aware of your devotion.
You visited 2 branches of the dungeon, and saw 9 of its levels.

You collected 326 gold pieces.
You spent 228 gold pieces at shops.

Inventory:

Hand Weapons
 k - a +0 dagger of protection (weapon)
 p - a +3 vampiric short sword
Armour
 a - a +0 robe
 s - a +0 pair of gloves (worn)
 z - +0 steam dragon scales (worn)
Jewellery
 r - a +6 ring of dexterity
Wands
 b - a wand of flame (1)
 C - a wand of acid (11)
Scrolls
 c - a scroll of holy word {unknown}
 g - 2 scrolls of brand weapon
 h - 10 scrolls of identify {unknown}
 j - 3 scrolls of vulnerability {unknown}
 l - 4 scrolls of teleportation {unknown}
 n - a scroll of torment {unknown}
 o - 3 scrolls of summoning {unknown}
 u - 2 scrolls of noise {unknown}
 x - a scroll of blinking {unknown}
 y - a scroll of fear {unknown}
Potions
 d - 2 potions of degeneration {unknown}
 e - 2 potions of heal wounds
 f - 2 potions of haste {unknown}
 i - 3 potions of might
 m - 2 potions of invisibility {unknown}
 q - 2 potions of attraction {unknown}
 t - 2 potions of curing
 v - a potion of ambrosia {unknown}
 w - a potion of lignification
 A - a potion of mutation {unknown}
 B - 2 potions of flight {unknown}


   Skills:
 * Level 7.5 Fighting
 * Level 2.2 Armour
 - Level 6.0 Dodging
 - Level 1.9 Stealth
 + Level 4.8 Spellcasting


You couldn't memorise any spells.
You knew the following spells:

 Your Spells              Type           Power      Damage    Failure   Level
a - Foxfire               Conj/Fire      96%        2x1d8     1%          1
b - Scorch                Fire           48%        2d7       2%          2
c - Conjure Flame         Conj/Fire      24%        6-21      4%          3
d - Inner Flame           Hex/Fire       24%        N/A       4%          3
e - Flame Wave            Conj/Fire      24%        2d7       16%         4
f - Sting                 Tmut/Pois      96%        1d7       1%          1
g - Passwall              Tmut/Erth      20%        N/A       2%          2
h - Ozocubu's Armour      Ice            24%        N/A       4%          3
i - Portal Projectile     Hex/Tloc       48%        N/A       4%          3
Your spell library was empty.

Dungeon Overview and Level Annotations

Branches:
Dungeon (8/15)             Temple (1/1) D:4
   Lair: D:8-11

Altars:
Ashenzari
Cheibriados
Dithmenos
Elyvilon
Fedhas
Gozag
Hepliaklqana
Kikubaaqudgha
Makhleb
Nemelex Xobeh
Okawaru
Ru
Sif Muna
Trog
Uskayaw
Vehumet
Wu Jian
Xom
Yredelemnul
Zin
The Shining One

Shops:
D:4 *   D:7 !

Annotations:
D:3 1 runed translucent door, crompyre's ghost, amateur PaFi


Innate Abilities, Weirdness & Mutations

You are immune to sickness and miasma.
You are immune to poison.
Your flesh is very heat resistant. (rF++)
You are vulnerable to cold. (rC-)
You float through the air rather than walking.
You learn spells naturally, not from books.
Your magical power is your life essence.
You have superior vitality. (+4 MHP)


Message History

Makhleb accepts your kill.
Casting: Scorch (safe; 2% risk of failure)
Confirm with . or Enter, or press ? or * to list all spells.
Flames lash the deep troll.
The deep troll is burned terribly!
The deep troll is heavily wounded.
The kobold throws a stone.
The stone hits you but does no damage.
Casting: Scorch (safe; 2% risk of failure)
Confirm with . or Enter, or press ? or * to list all spells.
Flames lash the kobold.
You kill the kobold!
Makhleb accepts your kill.
Casting: Scorch (safe; 2% risk of failure)
Confirm with . or Enter, or press ? or * to list all spells.
Flames lash the deep troll.
The deep troll is burned terribly!
The deep troll is heavily wounded.
Casting: Scorch (safe; 2% risk of failure)
Confirm with . or Enter, or press ? or * to list all spells.
Flames lash the deep troll but do no damage.
Your magical contamination has completely faded away.
Casting: Scorch (safe; 2% risk of failure)
Confirm with . or Enter, or press ? or * to list all spells.
Flames lash the orc.
You kill the orc!
Makhleb accepts your kill.
Casting: Scorch (safe; 2% risk of failure)
Confirm with . or Enter, or press ? or * to list all spells.
Flames lash the deep troll.
The deep troll is burned terribly!
The deep troll is severely wounded.
Casting: Scorch (safe; 2% risk of failure)
Confirm with . or Enter, or press ? or * to list all spells.
Flames lash the deep troll.
The deep troll is severely wounded.
As you read the scroll labelled DIWAEL JOETOU, it crumbles to dust.
It is a scroll of brand weapon.
Your +0 dagger of venom projects an invisible shield of force!
k - a +0 dagger of protection (weapon)
The deep troll bites you!!
* * * LOW HITPOINT WARNING * * *
The deep troll claws you!
You die...

# #)# # ### # #K#
.# #.# ###T####.#
#.# .........###.
#.# ....K........
#.# ..§.#T######
#.# #####K# #<# #
#.# #.# # #.# #@#
# #.# #T#
#####T##########.#
#......).TK)...))#
#................#
#.......#######..#
........# #..#
#.......## #..#
#....[...## #..#


You could see a deep troll (combustible).

Vanquished Creatures
  A yak (D:5)
  A steam dragon (D:8)
  An orc warrior (D:8)
  3 ogres
  A phantom (D:6)
  2 kobold brigands (D:8)
  2 scorpions
  2 bullfrogs (D:7)
  2 jellies (D:5)
  2 bullfrog skeletons
  3 orc priests
  3 centaur skeletons
  3 iguanas
  A scorpion zombie (D:5)
  Ijyb (D:3)
  An orc wizard (D:4)
  5 adders
  A shadow imp (D:6)
  A white imp (D:5)
  2 ufetubi
  2 dart slugs
  28 orcs
  5 ball pythons
  5 endoplasms
  4 giant cockroaches
  6 hobgoblins
  4 quokkas
  3 bats
  4 frilled lizards
  7 goblins
  10 kobolds
  7 rats
123 creatures vanquished.

Vanquished Creatures (others)
  325 foxfires
325 creatures vanquished.

Grand Total: 448 creatures vanquished

Notes
Turn   | Place    | Note
-------+----------+-------------------------------------------
     0 | D:1      | Baz the Djinni Fire Elementalist began the quest for the
                  | Orb.
     0 | D:1      | Reached XP level 1. HP: 15/15 MP: 0/0
   386 | D:1      | Reached XP level 2. HP: 11/21 MP: 0/0
  1229 | D:1      | Found a faded altar of an unknown god.
  1605 | D:1      | Reached XP level 3. HP: 24/26 MP: 0/0
  1605 | D:1      | Learned a level 1 spell: Sting
  1684 | D:2      | Reached skill level 1 in Fighting
  1816 | D:2      | Found a hide-covered altar of Uskayaw.
  2724 | D:3      | Noticed Ijyb
  2728 | D:3      | Reached XP level 4. HP: 22/32 MP: 0/0
  2745 | D:3      | HP: 1/32 [Ijyb/puff of flame (2)]
  2746 | D:3      | Killed Ijyb
  2747 | D:3      | Reached skill level 2 in Fighting
  3063 | D:3      | Noticed crompyre's ghost (amateur PaFi)
  3066 | D:3      | Found a runed translucent door.
  3545 | D:4      | Found a shadowy altar of Dithmenos.
  3782 | D:4      | Found a glowing golden altar of the Shining One.
  3861 | D:4      | Noticed an ogre
  3867 | D:4      | Reached XP level 5. HP: 32/39 MP: 0/0
  3867 | D:4      | Learned a level 2 spell: Passwall
  4392 | D:4      | Found a staircase to the Ecumenical Temple.
  4399 | Temple   | Entered the Ecumenical Temple
  4441 | Temple   | Became a worshipper of Makhleb the Destroyer
  4614 | D:4      | Reached skill level 3 in Fighting
  4988 | D:4      | Killed an ogre
  4989 | D:4      | Reached XP level 6. HP: 36/46 MP: 0/0
  5359 | D:4      | Found Redahub's Lightly-Used Armoury.
  5493 | D:5      | Entered Level 5 of the Dungeon
  5629 | D:5      | Found a broken altar of Ashenzari.
  5694 | D:5      | Reached skill level 4 in Fighting
  5817 | D:5      | Reached XP level 7. HP: 37/52 MP: 0/0
  5817 | D:5      | Learned a level 3 spell: Ozocubu's Armour
  6171 | D:5      | Noticed a yak
  6171 | D:5      | Noticed a yak
  6172 | D:5      | Noticed a yak
  6274 | D:5      | Killed a yak
  6366 | D:5      | Reached skill level 5 in Fighting
  6470 | D:5      | Reached skill level 5 in Dodging
  6470 | D:5      | Reached XP level 8. HP: 44/60 MP: 0/0
  7213 | D:6      | Reached skill level 6 in Fighting
  8282 | D:7      | Found Syiq's Distillery.
  8293 | D:7      | Bought a potion of heal wounds for 60 gold pieces
  8293 | D:7      | Bought a potion of curing for 36 gold pieces
  8293 | D:7      | Bought a potion of lignification for 36 gold pieces
  8293 | D:7      | Bought 2 potions of might for 96 gold pieces
  8875 | D:8      | Reached * piety under Makhleb
  8969 | D:8      | Reached skill level 7 in Fighting
  8969 | D:8      | Reached XP level 9. HP: 33/68 MP: 0/0
  8969 | D:8      | Learned a level 3 spell: Portal Projectile
  9181 | D:8      | Found a sacrificial altar of Ru.
  9391 | D:8      | Reached skill level 1 in Armour
  9824 | D:8      | Noticed a deep troll
  9869 | D:8      | Slain by a deep troll

Illustrated notes

Levels and vault maps discovered:
D:1:      dpeg_arrival_long_road, layout_basic, basic_ecumenical_altar
D:2:      layout_rooms, basic_altar, minmay_pentomino_z2
D:3:      layout_basic, hellmonk_ghost_happy_afterlife, uniq_ijyb
D:4:      layout_loops_corners, lemuel_doored_altar, grunt_dithmenos_smoke,
          minmay_temple_entry_arrows, minmay_shop_damaged
D:5:      layout_loops_corners, nicolae_ashenzari_panopticon
D:6:      layout_basic, mainiacjoe_overflow_24_doors, interstate_on_off,
          minmay_misc_feat_five
D:7:      layout_cave_pods, serial_shops, nicolae_shop_window_shopping
D:8:      layout_loops_ring, mainiacjoe_overflow_tiny_flanked,
          hangedman_abyss_or_decor_lesser_grid, chequers_hall_statues_y,
          st_stairs_6, hellmonk_guarded_unrand_vitality_bloodlust
Temple:   nicolae_temple_elliptical

Skill      XL: |  1  2  3  4  5  6  7  8  9 |
---------------+----------------------------+-----
Fighting       | 1 2 3 4 5 7 |  7.5
Dodging        | 3 4 5 6 |  6.0
Spellcasting   | 3 4 |  4.8
Armour         | 2 |  2.2
Stealth        | |  1.9

Action                   |  1- 3 |  4- 6 |  7- 9 || total
-------------------------+-------+-------+-------++-------
Melee: Unarmed           |     2 |       |       ||     2
       Dagger            |       |     8 |       ||     8
 Cast: Foxfire           |    53 |    57 |    72 ||   182
       Scorch            |    20 |    16 |    88 ||   124
       Sting             |       |     5 |       ||     5
       Conjure Flame     |       |     1 |    10 ||    11
       Ozocubu's Armour  |       |       |     1 ||     1
       Flame Wave        |       |       |     1 ||     1
  Use: Potion            |       |     3 |       ||     3
       Scroll            |       |       |     1 ||     1
 Stab: Sleeping          |       |     2 |       ||     2
Armor: Robe              |       |     2 |     4 ||     6
       Steam dragon scal |       |       |     1 ||     1
Dodge: Dodged            |    14 |    14 |    15 ||    43
